 Dungeon Crawl Stone Soup version 0.29-a0-923-g6e406bff71 (webtiles) character file.

Game seed: 4645717271624734652

1822 leavemydog the Destroyer (level 8, -7/41 HPs)
             Began as a Deep Elf Conjurer on July 27, 2022.
             Was an Initiate of Vehumet.
             Mangled by an orc warrior
             ... wielding a +0 dire flail
              (15 damage)
             ... on level 6 of the Dungeon.
             The game lasted 00:19:00 (7418 turns).

leavemydog the Destroyer (Deep Elf Conjurer)        Turns: 7418, Time: 00:19:00

Health: -7/41      AC:  4    Str:  6    XL:     8   Next: 85%
Magic:  4/22       EV: 16    Int: 24    God:    Vehumet [......]
Gold:   316        SH:  0    Dex: 13    Spells: 13/24 levels left

rFire   . . .      SeeInvis .   m - +2 short sword (venom)
rCold   . . .      Faith    .   (no shield)
rNeg    . . .      Spirit   .   a - +0 robe
rPois   .          Reflect  .   (no helmet)
rElec   .          Harm     .   r - +0 cloak
rCorr   .          Rampage  .   (no gloves)
Will    .....                   c - +0 pair of boots
Stlth   ++........              (no amulet)
HPRegen 0.13/turn               s - +4 ring of evasion
MPRegen 0.18/turn               (no ring)

@: no status effects
A: no striking features
a: Renounce Religion


You were on level 6 of the Dungeon.
You worshipped Vehumet.
Vehumet was noncommittal.
You visited 2 branches of the dungeon, and saw 8 of its levels.

You collected 364 gold pieces.
You spent 48 gold pieces at shops.

Inventory:

Hand Weapons
 m - a +2 short sword of venom (weapon)
 q - a +1 vampiric dagger
Armour
 a - a +0 robe (worn)
 c - a +0 pair of boots (worn)
 r - a +0 cloak (worn)
Jewellery
 s - a +4 ring of evasion (left hand)
Wands
 y - a wand of mindburst (11)
 B - a wand of iceblast (5)
Scrolls
 e - 2 scrolls of fear
 g - a scroll of identify
 h - 2 scrolls of enchant armour {unknown}
 k - 4 scrolls of immolation
 l - a scroll of amnesia {unknown}
 o - a scroll of poison {unknown}
 p - a scroll of vulnerability {unknown}
 u - 3 scrolls of teleportation {unknown}
 v - a scroll of acquirement {unknown}
 w - a scroll of blinking {unknown}
 x - a scroll of magic mapping {unknown}
Potions
 b - a potion of magic
 d - 2 potions of heal wounds
 f - 2 potions of attraction
 i - 3 potions of curing
 j - a potion of lignification
 n - a potion of resistance
 t - a potion of invisibility {unknown}
 z - 2 potions of brilliance


   Skills:
 - Level 2.4 Dodging
 - Level 2.4 Stealth
 + Level 8.7 Spellcasting
 * Level 10.5 Conjurations
 * Level 1.2 Hexes
 * Level 4.1 Translocations


You had 13 spell levels left.
You knew the following spells:

 Your Spells              Type           Power      Damage    Failure   Level
a - Magic Dart            Conj           100%       1d8       1%          1
b - Searing Ray           Conj           100%       2d8       1%          2
c - Iskenderun's Mystic   Conj/Tloc      45%        2d10      3%          4
d - Fulminant Prism       Conj/Hex       19%        3d11      5%          4

Your spell library contained the following spells:

 Spells                   Type           Power      Damage    Failure   Level
 Dazzling Flash           Conj/Hex       76%        N/A       1%          3
 Summon Small Mammal      Summ           40%        N/A       6%          1
 Tukima's Dance           Hex            16%        N/A       11%         3
 Passage of Golubria      Tloc           30%        N/A       11%         4
 Summon Guardian Golem    Hex/Summ       13%        N/A       14%         3
 Call Canine Familiar     Summ           10%        N/A       19%         3
 Yara's Violent Unravell  Hex/Tmut       6%         3d5       78%         5


Dungeon Overview and Level Annotations

Branches:
Dungeon (7/15)             Temple (1/1) D:7

Altars:
Ashenzari
Cheibriados
Dithmenos
Elyvilon
Fedhas
Gozag
Makhleb
Nemelex Xobeh
Okawaru
Qazlal
Ru
Uskayaw
Vehumet
Wu Jian
Xom
Yredelemnul
The Shining One

Shops:
D:4 (   D:5 ?*

Annotations:
D:5 2 transporters, gabibbone's ghost, amateur OpCj
D:7 Joseph


Message History

The orc warrior is heavily wounded. (Press . to maintain the ray.)
The orc warrior barely misses you.
The searing ray misses the orc warrior.
The orc warrior hits you with a +0 dire flail.
The searing ray hits the orc warrior.
The orc warrior is severely wounded.
The orc warrior completely misses you.
The searing ray hits the orc warrior.
The orc warrior is severely wounded.
You finish channelling your searing ray.
The orc warrior hits you with a +0 dire flail.
The orc warrior hits you with a +0 dire flail!
* * * LOW HITPOINT WARNING * * *
Casting: Searing Ray (safe; 1% risk of failure)
Confirm with . or Enter, or press ? or * to list all spells.
Aiming: Magic Dart (safe; 1% risk of failure)
Press: ? - help, Shift-Dir - straight line, f/p - orc warrior
Aim: an orc warrior, wielding a +0 dire flail and wearing a +0 plate armour (severely wounded, 100% to hit)
The magic dart hits the orc warrior but does no damage.
The orc warrior is severely wounded.
The orc warrior closely misses you.
Casting: Magic Dart (safe; 1% risk of failure)
Confirm with . or Enter, or press ? or * to list all spells.
Aiming: Searing Ray (safe; 1% risk of failure)
Press: ? - help, Shift-Dir - straight line, f/p - orc warrior
Aim: an orc warrior, wielding a +0 dire flail and wearing a +0 plate armour (severely wounded, 83% to hit)
The searing ray hits the orc warrior.
The orc warrior is severely wounded. (Press . to maintain the ray.)
The orc warrior completely misses you.
The searing ray misses the orc warrior.
The orc warrior closely misses you.
The searing ray hits the orc warrior.
The orc warrior is almost dead.
The orc warrior barely misses you.
The searing ray hits the orc warrior.
The orc warrior is almost dead.
You finish channelling your searing ray.
The orc warrior hits you with a +0 dire flail!
You die...

#............#
#.# ####
##.#########.#
#.# ...# #.#
#.############.#
##.# #.#
#.#............#
#.####.#
#.#.############
#......# #.#.#
######## #.#.#
##.#.# #@#..#
##o### ###


You could see an orc warrior.

Vanquished Creatures
  Grinder (D:6)
  A steam dragon (D:6)
  Menkaure (D:7)
  A water moccasin (D:5)
  A black bear (D:5)
  A sky beast (D:6)
  A phantom (D:4)
  A kobold brigand (D:7)
  2 scorpions
  2 necrophages
  3 wights
  2 hounds
  4 orc priests
  An iguana (D:6)
  3 orc wizards
  4 gnolls (D:4)
  11 adders
  3 river rats (D:4)
  A white imp (D:5)
  2 worms
  2 dart slugs
  26 orcs
  4 ball pythons
  9 bats
  7 endoplasms
  5 giant cockroaches
  7 goblins
  6 hobgoblins
  3 jackals (D:5)
  10 kobolds
  3 quokkas
  3 frilled lizards (D:1)
  6 rats
137 creatures vanquished.

Notes
Turn   | Place    | Note
-------+----------+-------------------------------------------
     0 | D:1      | leavemydog the Deep Elf Conjurer began the quest for the
                  | Orb.
     0 | D:1      | Reached XP level 1. HP: 10/10 MP: 6/6
   212 | D:1      | Reached XP level 2. HP: 15/15 MP: 6/8
   215 | D:1      | Learned a level 2 spell: Searing Ray
   304 | D:1      | Reached skill level 5 in Conjurations
   689 | D:1      | Reached XP level 3. HP: 19/19 MP: 7/9
  1049 | D:2      | Found a faded altar of an unknown god.
  2178 | D:3      | Reached skill level 6 in Conjurations
  2178 | D:3      | Reached XP level 4. HP: 18/24 MP: 8/11
  3124 | D:3      | Learned a level 4 spell: Iskenderun's Mystic Blast
  3795 | D:4      | Found Ika Qeud's Antique Weapon Shoppe.
  3928 | D:4      | Noticed a phantom
  3934 | D:4      | Killed a phantom
  3935 | D:4      | Reached skill level 1 in Translocations
  3935 | D:4      | Reached XP level 5. HP: 28/28 MP: 5/13
  4064 | D:4      | Found a white marble altar of Elyvilon.
  4151 | D:4      | Reached skill level 7 in Conjurations
  4295 | D:4      | Reached XP level 6. HP: 32/32 MP: 7/15
  4587 | D:5      | Entered Level 5 of the Dungeon
  4625 | D:5      | Reached skill level 5 in Spellcasting
  5020 | D:5      | Found Peeteap's Magic Scroll Boutique.
  5023 | D:5      | Bought a scroll of identify for 24 gold pieces
  5023 | D:5      | Bought a scroll of identify for 24 gold pieces
  5040 | D:5      | Reached XP level 7. HP: 36/36 MP: 12/17
  5082 | D:5      | Found a transporter.
  5083 | D:5      | Noticed gabibbone's ghost (amateur OpCj)
  5084 | D:5      | Found a transporter.
  5132 | D:5      | Reached skill level 8 in Conjurations
  5263 | D:5      | Found Domenul's Serpentskin Sales.
  5907 | D:6      | Found a blossoming altar of Fedhas.
  6356 | D:6      | Reached skill level 9 in Conjurations
  6356 | D:6      | Reached XP level 8. HP: 41/41 MP: 13/20
  6565 | D:6      | Noticed Grinder
  6584 | D:6      | Killed Grinder
  6633 | D:6      | Found a hide-covered altar of Uskayaw.
  7005 | D:6      | Reached skill level 10 in Conjurations
  7047 | D:6      | Learned a level 4 spell: Fulminant Prism
  7169 | D:7      | Noticed Menkaure
  7172 | D:7      | Killed Menkaure
  7193 | D:7      | Found a staircase to the Ecumenical Temple.
  7204 | Temple   | Entered the Ecumenical Temple
  7212 | Temple   | Became a worshipper of Vehumet
  7364 | D:7      | Reached skill level 1 in Hexes
  7393 | D:7      | Noticed Joseph
  7418 | D:6      | Mangled by an orc warrior

Illustrated notes

Levels and vault maps discovered:
D:1:      shiori_shiawase, layout_rooms
D:2:      layout_basic, shapermc_ecumenical_altar_mp_ritualfount,
          minmay_tetromino_t2
D:3:      layout_loops_ring
D:4:      nicolae_cairo_tiling_large, layout_loops_ring, kennysheep_mini,
          lightli_sewer_entry_pipes, nicolae_stop_n_shop_1
D:5:      layout_rooms, serial_shops, nicolae_shop_behind_doors,
          gammafunk_ghost_mausoleum, guppyfry_shop_venom
D:6:      layout_loops_ring, eat_drink_and_be_merry_uskayaw,
          overflow_temple_1_default, hangedman_decor_peaks_small, uniq_grinder
D:7:      layout_rooms, tgw_trog, minmay_temple_entry_junction,
          ebering_ghost_reflecting_pool, minmay_mini_ossuary, uniq_menkaure,
          uniq_joseph
Temple:   nicolae_temple_two_arcs

Skill      XL: |  1  2  3  4  5  6  7  8 |
---------------+-------------------------+-----
Conjurations   | 5 6 7 9 10 | 10.5
Spellcasting   | 4 5 7 8 |  8.7
Translocations | 1 2 3 4 |  4.1
Hexes          | 1 |  1.2
Dodging        | |  2.4
Stealth        | |  2.4

Action                   |  1- 3 |  4- 6 |  7- 9 || total
-------------------------+-------+-------+-------++-------
Melee: Dagger            |     9 |       |       ||     9
       Short sword       |     5 |       |       ||     5
 Cast: Magic Dart        |    87 |    74 |    79 ||   240
       Searing Ray       |     3 |    12 |    21 ||    36
  Use: Scroll            |       |     7 |     1 ||     8
       Potion            |       |       |     1 ||     1
Armor: Robe              |     6 |     7 |     3 ||    16
Dodge: Dodged            |    11 |    24 |    39 ||    74

Table legend: (Time is in decaauts)
 A = Elapsed time spent in this place.
 B = Non-inter-level travel time spent in this place.
 C = Inter-level travel time spent in this place.
 D = Time resting spent in this place.
 E = Time spent auto-exploring this place.
 F = Levels seen in this place.
 G = Mean time per level.
                   A        B        C        D        E       F      G
               +--------+--------+--------+--------+--------+-----+--------+
         Total |   7451 |   7155 |    296 |   2132 |   4254 |   8 |  931.4 |
       Dungeon |   7321 |   7032 |    289 |   2132 |   4146 |   7 | 1045.9 |
        Temple |    129 |    122 |      7 |      0 |    108 |   1 |  129.0 |
               +--------+--------+--------+--------+--------+-----+--------+

Top non-repeatable levels by time:
     D:5: 1491 daAuts
     D:4: 1432 daAuts
     D:3: 1123 daAuts
     D:2: 1122 daAuts
     D:6: 1102 daAuts
     D:1: 939 daAuts
  Temple: 129 daAuts
     D:7: 109 daAuts
